 Dungeon Crawl Stone Soup version 0.29.1-1-gd02db69 (webtiles) character file.

Game seed: 4210508393235266519

4974 milkyshrine the Basher (level 10, -6/86 HPs)
             Began as a Ghoul Monk on Feb 9, 2023.
             Was a Priest of Qazlal.
             Mangled by Erica
             ... wielding a +3 scimitar of flaming
              (15 damage)
             ... on level 9 of the Dungeon on Feb 13, 2023.
             The game lasted 01:09:16 (9197 turns).

milkyshrine the Basher (Ghoul Monk)                 Turns: 9197, Time: 01:09:17

Health: -6/86      AC: 13    Str: 20    XL:     10   Next: 53%
Magic:  0/9        EV: 13    Int:  8    God:    Qazlal [***...]
Gold:   276        SH:  4    Dex: 11    Spells: 9/9 levels left

rFire   . . .      SeeInvis .   e - +5 mace "Xyjuwn" {elec, rPois Int+3}
rCold   + . .      Faith    .   (no shield)
rNeg    + + +      Spirit   +   E - +1 acid dragon scales
rPois   ∞          Reflect  .   (no helmet)
rElec   .          Harm     .   l - +2 cloak {Stlth+}
rCorr   +          Rampage  .   B - +0 pair of gloves
Will    .....                   (no boots)
Stlth   ++........              c - amulet of guardian spirit
HPRegen 0.00/turn               i - ring of positive energy
MPRegen 0.11/turn               f - ring of resist corrosion

@: inhibited regen
A: claws 1, cold resistance 1, negative energy resistance 3, inhibited
regeneration, torment resistance 2, devour on kill
a: Renounce Religion, Upheaval, Elemental Force


You were on level 9 of the Dungeon.
You worshipped Qazlal.
Qazlal was most pleased with you.
You visited 1 branch of the dungeon, and saw 9 of its levels.

You collected 414 gold pieces.
You spent 138 gold pieces at shops.

Inventory:

Hand Weapons
 e - the +5 mace "Xyjuwn" (weapon) {elec, rPois Int+3}
   (You found it on level 3 of the Dungeon)

   It occasionally discharges a powerful burst of electricity upon striking a
   foe.
   Int:       It affects your intelligence (+3).
   rPois:     It protects you from poison.
 g - the +3 mace of Premature Burial {vorpal, rCorr Dex+4}
   (You found it on level 6 of the Dungeon)

   It inflicts extra damage upon your enemies.
   Dex:       It affects your dexterity (+4).
   rCorr:     It protects you from acid and corrosion.
 q - a +5 spear of freezing
 v - a +2 vorpal mace
Missiles
 h - 4 curare-tipped darts
 u - 2 poisoned darts (quivered)
 z - 5 boomerangs
Armour
 l - a +2 cloak of stealth (worn)
 y - a scarf of resistance
 B - a +0 pair of gloves (worn)
 E - +1 acid dragon scales (worn)
 I - a +2 cloak of poison resistance
Jewellery
 c - an amulet of guardian spirit (around neck)
 f - a ring of resist corrosion (right hand)
 i - a ring of positive energy (left hand)
 x - a ring of protection from fire
 C - a ring of see invisible
 H - an amulet of faith
Wands
 a - a wand of roots (5)
 t - a wand of flame (40)
Scrolls
 d - a scroll of summoning
 j - 3 scrolls of poison
 m - 4 scrolls of enchant weapon
 p - a scroll of teleportation
 s - a scroll of magic mapping {unknown}
 w - a scroll of butterflies
 G - 2 scrolls of silence {unknown}
Potions
 b - a potion of cancellation
 k - 3 potions of mutation
 n - 2 potions of degeneration
 D - 2 potions of brilliance
 F - 2 potions of attraction {unknown}
 J - a potion of might


   Skills:
 + Level 7.0 Fighting
 + Level 8.5 Maces & Flails
 + Level 3.3 Throwing
 + Level 5.6 Armour
 + Level 4.9 Dodging
 + Level 5.1 Stealth
 + Level 2.0 Shields
 + Level 4.9 Unarmed Combat
 + Level 1.3 Evocations


You had 9 spell levels left.
You didn't know any spells.
Your spell library contained the following spells:

 Spells                   Type           Power      Damage    Failure   Level
 Apportation              Tloc           0%         N/A       50%         1
 Slow                     Hex            0%         N/A       50%         1
 Poisonous Vapours        Pois/Air       0%         N/A       63%         2
 Static Discharge         Conj/Air       0%         3-3/arc   63%         2
 Confusing Touch          Hex            0%         N/A       86%         3
 Conjure Flame            Conj/Fire      0%         6-21      86%         3
 Gell's Gravitas          Tloc           0%         N/A       86%         3
 Ignite Poison            Fire/Tmut/Pois 0%         N/A       86%         3
 Lesser Beckoning         Tloc           0%         N/A       86%         3
 Teleport Other           Tloc           0%         N/A       86%         3
 Vampiric Draining        Necr           0%         2d6       86%         3
 Animate Dead             Necr           0%         N/A       99%         4
 Corpse Rot               Necr/Pois/Air  0%         N/A       99%         4
 Sticky Flame             Conj/Fire      0%         2d3       99%         4
 Alistair's Intoxication  Tmut/Pois      0%         N/A       100%        5
 Borgnjor's Vile Clutch   Necr/Erth      0%         N/A       100%        5
 Lightning Bolt           Conj/Air       0%         1d11      100%        5
 Death Channel            Necr           0%         N/A       100%        6
 Maxwell's Capacitive Co  Air            0%         ∞         100%        8


Dungeon Overview and Level Annotations

Branches:
Dungeon (9/15)             Temple (0/1) D:5
   Lair: D:8-11         Orc: D:9-12

Altars:
Fedhas
Kikubaaqudgha
Qazlal
Sif Muna
Uskayaw
Yredelemnul

Shops:
D:2 *   D:3 [**   D:5 ?

Annotations:
D:9 Erica


Innate Abilities, Weirdness & Mutations

You are immune to poison.
You have sharp fingernails.
Your flesh is cold resistant. (rC+)
You are immune to negative energy. (rN+++)
You do not regenerate when monsters are visible.
You are immune to unholy pain and torment.
You thrive by killing the living.


Message History

You barely miss Erica.
Erica casts a spell.
Erica flickers and vanishes!
Deactivating autopickup; reactivate with Ctrl-A.
You hit something. Something hits you! Something burns you.
You thump something! Something hits you! Something burns you.
You sock something!
You hear some strange, mumbled words.
You are confused.
Your magical effects are unravelling.
You feel magically purged.
You feel less confused. Something hits you. Something burns you.
You hit something. Lightning courses through something! Something hits you.
Something burns you.
* * * LOW HITPOINT WARNING * * *
You barely miss something. Something hits you!
* * * LOW HITPOINT WARNING * * *
Something burns you.
* * * LOW HITPOINT WARNING * * *
Unknown command.
Okay, then.
As you read the scroll of immolation, it crumbles to dust.
The creatures around you are filled with an inner flame!
Something hits you.
* * * LOW HITPOINT WARNING * * *
Something burns you.
* * * LOW HITPOINT WARNING * * *
Okay, then.
You hit something but do no damage.
You hear some strange, mumbled words.
A lance of force appears from out of thin air!
The lance of force hits you.
* * * LOW HITPOINT WARNING * * *
You are knocked back by the lance of force.
You slam into the rock wall!
A kobold comes into view. It is wielding a +0 dagger of draining.
You hear a shout!
Something hits you!
You die...

#<# ##...# #..## #.# ###.#
#.## #.# ######.## ####.####
#.##### #.......# #.......#
......## #.<.....# #.......#
#.###..####.......#
###.......# #.#
##....#.....))###...K........
#.#
####......☼.)))..#.......###
#.# ##....☼@(#####.......#
#.# ###..{### #####.### #.#
###.# ... #.# .... ##.# ...
......# .# ...# .......# ...#
........# ...# #........#
.... #........'


There were no monsters in sight!

Vanquished Creatures
  Maurice (D:9)
  Maggie (D:8)
  13 yaks
  2 steam dragons
  3 water moccasins
  Duvessa (D:6)
  An ice beast (D:5)
  A black bear (D:6)
  2 centaurs
  An ogre (D:5)
  A phantom (D:5)
  Blork the orc (D:6)
  2 necrophages
  A bullfrog (D:7)
  4 wights (D:9)
  Dowan (D:6)
  4 howler monkeys
  A lava snake (D:7)
  2 hounds (D:7)
  2 jellies
  2 gnoll boudas
  An orc priest (D:3)
  4 iguanas
  An orc wizard (D:4)
  10 gnolls
  7 adders
  A shadow imp (D:7)
  A white imp (D:7)
  2 ufetubi
  3 worms
  2 dart slugs
  11 orcs
  6 ball pythons
  7 bats
  6 endoplasms
  3 giant cockroaches
  7 goblins
  6 hobgoblins
  3 jackals (D:1)
  3 quokkas (D:1)
  3 frilled lizards (D:2)
  6 kobolds
  6 rats
  A spectral orc (D:8)
147 creatures vanquished.

Vanquished Creatures (others)
  4 plants (D:4)
4 creatures vanquished.

Grand Total: 151 creatures vanquished

Notes
Turn   | Place    | Note
-------+----------+-------------------------------------------
     0 | D:1      | milkyshrine the Ghoul Monk began the quest for the Orb.
     0 | D:1      | Reached XP level 1. HP: 19/19 MP: 0/0
   450 | D:1      | Reached XP level 2. HP: 20/26 MP: 1/1
  1402 | D:2      | Reached XP level 3. HP: 24/33 MP: 2/2
  1507 | D:2      | Found a blossoming altar of Fedhas.
  2208 | D:2      | Found Seasae's General Store.
  2272 | D:2      | Bought a scroll of identify for 20 gold pieces
  2272 | D:2      | Bought a scroll of identify for 20 gold pieces
  2272 | D:2      | Bought a scroll of identify for 20 gold pieces
  2496 | D:2      | Reached XP level 4. HP: 40/40 MP: 3/3
  2565 | D:3      | Found a shimmering blue altar of Sif Muna.
  2648 | D:3      | Found Pusu Fur's Assorted Antiques.
  2677 | D:3      | Identified the +5 mace "Xyjuwn" {elec, rPois Int+3}
  2683 | D:3      | Found Haxogih's Antique Armour Emporium.
  2732 | D:3      | Reached skill level 1 in Armour
  2732 | D:3      | Reached XP level 5. HP: 46/46 MP: 2/4
  2766 | D:3      | Found Contuxt's Assorted Antiques.
  3203 | D:4      | Reached skill level 1 in Maces & Flails
  3203 | D:4      | Reached XP level 6. HP: 42/52 MP: 2/5
  3333 | D:4      | Found a blossoming altar of Fedhas.
  3359 | D:4      | Found an ancient bone altar of Kikubaaqudgha.
  3730 | D:4      | Found a hide-covered altar of Uskayaw.
  3730 | D:4      | Found a stormy altar of Qazlal.
  3735 | D:4      | Became a worshipper of Qazlal Stormbringer
  3735 | D:4      | Reached * piety under Qazlal
  3735 | D:4      | Reached ** piety under Qazlal
  3872 | D:4      | Reached skill level 2 in Maces & Flails
  3948 | D:5      | Entered Level 5 of the Dungeon
  3966 | D:5      | Noticed an ice beast
  3976 | D:5      | Killed an ice beast
  3996 | D:5      | Reached XP level 7. HP: 43/59 MP: 4/6
  4149 | D:5      | Reached skill level 3 in Maces & Flails
  4535 | D:5      | Found a staircase to the Ecumenical Temple.
  4537 | D:5      | Found Arudusef's Magic Scroll Boutique.
  4546 | D:5      | Bought a scroll of identify for 26 gold pieces
  4546 | D:5      | Bought a scroll of identify for 26 gold pieces
  4546 | D:5      | Bought a scroll of identify for 26 gold pieces
  4620 | D:6      | Identified the +3 mace of Premature Burial {vorpal, rCorr
                  | Dex+4}
  4648 | D:6      | Reached XP level 8. HP: 66/67 MP: 7/7
  4688 | D:6      | Reached skill level 4 in Maces & Flails
  4704 | D:6      | Noticed Blork the orc
  4712 | D:6      | Noticed Duvessa
  4714 | D:6      | Noticed Dowan
  4719 | D:6      | Killed Blork the orc
  4719 | D:6      | Killed Dowan
  4724 | D:6      | Killed Duvessa
  5629 | D:7      | Reached skill level 5 in Fighting
  5629 | D:7      | Reached skill level 1 in Throwing
  5830 | D:7      | Reached skill level 5 in Maces & Flails
  6276 | D:7      | Reached XP level 9. HP: 44/74 MP: 4/8
  6278 | D:7      | Reached skill level 6 in Maces & Flails
  6862 | D:8      | Noticed Maggie
  6870 | D:8      | Killed Maggie
  6946 | D:8      | Reached *** piety under Qazlal
  6948 | D:8      | Reached skill level 5 in Stealth
  7064 | D:8      | Found a basalt altar of Yredelemnul.
  7158 | D:8      | Reached skill level 1 in Shields
  7392 | D:8      | Reached skill level 7 in Maces & Flails
  7627 | D:9      | Reached skill level 5 in Armour
  7642 | D:9      | Reached XP level 10. HP: 68/83 MP: 7/9
  7789 | D:9      | Noticed Maurice
  7805 | D:9      | Killed Maurice
  7806 | D:9      | Reached skill level 8 in Maces & Flails
  7984 | D:9      | Noticed Erica
  8561 | D:9      | Reached skill level 1 in Evocations
  9197 | D:9      | Mangled by Erica

Illustrated notes

Levels and vault maps discovered:
D:1:      onia_arrival_mini_spirals, layout_basic
D:2:      minmay_recursive_quarters, layout_basic, serial_shops, shop_statue,
          basic_altar
D:3:      layout_rooms, old_standard_altar, serial_shops, shop, shop_statue,
          shop, kennysheep_cross_bottleneck
D:4:      layout_cave_pools, fedhas_altar_1, pf_just_have_faith,
          gammafunk_temple_overflow_wave
D:5:      layout_rooms, temple_statues, serial_shops, shop
D:6:      layout_basic, small_statue_intersection, grunt_decor_fettered,
          uniq_duvessa, uniq_blork_the_orc
D:7:      layout_basic, kennysheep_generic_room_2
D:8:      layout_rooms, yredelemnul_forgotten_temple_becter, uniq_maggie
D:9:      layout_roguey, uniq_erica, uniq_maurice

Skill      XL: |  1  2  3  4  5  6  7  8  9 10 |
---------------+-------------------------------+-----
Dodging        | 3 4 |  4.9
Unarmed Combat | 4 |  4.9
Armour         | 1 2 3 4 5 |  5.6
Stealth        | 3 4 5 |  5.1
Fighting       | 4 5 6 7 |  7.0
Maces & Flails | 1 2 3 5 7 8 |  8.5
Throwing       | 2 3 |  3.3
Shields        | 1 2 |  2.0
Evocations     | 1 |  1.3

Action                   |  1- 3 |  4- 6 |  7- 9 | 10-12 || total
-------------------------+-------+-------+-------+-------++-------
Melee: Unarmed           |   116 |    15 |       |       ||   131
       Punch             |     3 |     4 |     9 |     1 ||    17
       Mace              |       |    94 |   161 |    94 ||   349
Throw: Dart              |     2 |       |    36 |     4 ||    42
       Throwing net      |       |       |     8 |       ||     8
Invok: Upheaval          |       |       |       |     1 ||     1
Evoke: Wand              |       |       |       |    13 ||    13
  Use: Scroll            |     4 |     3 |    10 |     6 ||    23
       Potion            |       |     3 |     3 |     2 ||     8
 Stab: Sleeping          |     4 |     6 |       |       ||    10
Armor: Leather armour    |    33 |    36 |       |       ||    69
       Robe              |     1 |       |       |       ||     1
       Ring mail         |       |     7 |    40 |       ||    47
       Acid dragon scale |       |       |    14 |    44 ||    58
Dodge: Dodged            |    68 |    73 |    84 |    46 ||   271
Block: Other             |       |     1 |    23 |    14 ||    38
